 Dungeon Crawl Stone Soup version 0.31-a0-426-g3a05650e59 (webtiles) character file.

Game seed: 15459182237948844967

45 horus123 the Shooter (level 3, -1/23 HPs)
             Began as a Deep Elf Hunter on July 31, 2023.
             Slain by Terence
             ... wielding a +2 flail of protection
              (4 damage)
             ... on level 2 of the Dungeon.
             The game lasted 00:02:50 (1073 turns).

horus123 the Shooter (Deep Elf Hunter)              Turns: 1073, Time: 00:02:51

Health: -1/23      AC:  6    Str:  8    XL:     3   Next: 42%
Magic:  5/5        EV: 10    Int: 13    God:
Gold:   43         SH:  0    Dex: 20    Spells: 2/2 levels left

rFire   . . .        a - +0 shortbow
rCold   . . .        (shield currently unavailable)
rNeg    . . .        d - +0 ring mail
rPois   .            (no helmet)
rElec   .            k - +0 cloak
rCorr   .            (no gloves)
SInv    .            (no boots)
Will    .....        (no amulet)
Stlth   +            (no ring)
HPRegen 0.23/turn    (no ring)
MPRegen 0.09/turn

%: no passive effects
@: no status effects
A: no striking features
a: no special abilities


You were on level 2 of the Dungeon.
You visited 1 branch of the dungeon, and saw 2 of its levels.

You collected 43 gold pieces.

Inventory:

Hand Weapons
 a - a +0 shortbow (weapon)
 i - a +0 falchion
Armour
 c - a +0 leather armour
 d - a +0 ring mail (worn)
 k - a +0 cloak (worn)
Talismans
 g - a talisman of death
Scrolls
 e - a scroll of fear {unknown}
 f - 3 scrolls of amnesia {unknown}
 h - 2 scrolls of brand weapon {unknown}
 j - 3 scrolls of identify {unknown}
 l - 2 scrolls of noise {unknown}
Potions
 m - a potion of curing {unknown}
 n - a potion of attraction {unknown}


   Skills:
 - Level 3.0 Fighting
 + Level 5.6 Ranged Weapons
 - Level 2.4 Dodging
 - Level 1.2 Stealth


You had 2 spell levels left.
You didn't know any spells.
Your spell library was empty.

Dungeon Overview and Level Annotations

Branches:
Dungeon (2/15)

Altars:

Annotations:
D:2 Terence


Message History

Terence is lightly wounded.
Your butterfly disappears in a burst of colours!
Terence hits you with a +2 flail of protection.
Unknown command.
Fire: a) +0 shortbow
Press: ? - help, Q - select action Shift-Dir - straight line, f/p - Terence
Aim: Terence, wielding a +2 flail of protection and wearing a +0 scale mail (lightly wounded, 69% to hit)
You shoot an arrow.
The arrow hits Terence but does no damage.
Terence is lightly wounded.
Terence barely misses you.
Fire: a) +0 shortbow
Press: ? - help, Q - select action Shift-Dir - straight line, f/p - Terence
Aim: Terence, wielding a +2 flail of protection and wearing a +0 scale mail (lightly wounded, 69% to hit)
You shoot an arrow. The arrow completely misses Terence.
Terence closely misses you. Terence misses you.
You shoot an arrow.
The arrow hits Terence but does no damage.
Terence is lightly wounded.
Terence barely misses you.
You shoot an arrow.
The arrow hits Terence but does no damage.
Terence is lightly wounded.
Terence hits you with a +2 flail of protection!
You shoot an arrow. The arrow barely misses Terence.
Terence misses you. Terence closely misses you.
Fire: a) +0 shortbow
Press: ? - help, Q - select action Shift-Dir - straight line, f/p - Terence
Aim: Terence, wielding a +2 flail of protection and wearing a +0 scale mail (lightly wounded, 69% to hit)
You shoot an arrow. The arrow hits Terence.
Terence is moderately wounded.
Terence hits you with a +2 flail of protection!
* * * LOW HITPOINT WARNING * * *
Fire: a) +0 shortbow
Press: ? - help, Q - select action Shift-Dir - straight line, f/p - Terence
Aim: Terence, wielding a +2 flail of protection and wearing a +0 scale mail (moderately wounded, 69% to hit)
You shoot an arrow. The arrow hits Terence.
Terence is heavily wounded.
Terence hits you with a +2 flail of protection.
You die...

.♣.......###.
..........#.b## [.....
.... #..
......♣♣..###.#
...........##b#
...........##.#
#.†......##.##########
#)..@@...#>##.b...#.#
#......♣...........#
#...†.♣♣####..bb..##
##......♣# ##.b..##
####........# #.####
............#####.#
............##.##.#
.......♣♣....bb..)##
.......♣...bb..###.# #


You could see Terence.

Vanquished Creatures
  3 dart slugs (D:1)
  5 ball pythons
  7 bats
  4 endoplasms (D:1)
  3 giant cockroaches (D:1)
  A goblin (D:2)
  3 hobgoblins
  2 quokkas (D:1)
  A frilled lizard (D:1)
  4 kobolds
  3 rats (D:1)
36 creatures vanquished.

Notes
Turn   | Place    | Note
-------+----------+-------------------------------------------
     0 | D:1      | horus123 the Deep Elf Hunter began the quest for the Orb.
     0 | D:1      | Reached XP level 1. HP: 12/12 MP: 3/3
   135 | D:1      | Reached XP level 2. HP: 17/17 MP: 4/4
   214 | D:1      | Found a faded altar of an unknown god.
   643 | D:1      | Reached XP level 3. HP: 22/22 MP: 5/5
  1023 | D:2      | Noticed Terence
  1073 | D:2      | Slain by Terence

Illustrated notes

Levels and vault maps discovered:
D:1:      wander_arrival_desolate, layout_loops_corners,
          hellmonk_ecumenical_altar_blasted, chequers_serial_rivers_micro_a
D:2:      layout_loops_ring, basic_altar, kennysheep_decorative_pillar,
          uniq_terence, uniq_crazy_yiuf_cottage

Skill      XL: |  1  2  3 |
---------------+----------+-----
Fighting       | 2 3 |  3.0
Ranged Weapons | |  5.6
Dodging        | |  2.4
Stealth        | |  1.2

Action                     || total
---------------------------++-------
   Fire: Shortbow          ||   116
    Use: Scroll            ||     1
 Armour: Leather armour    ||     2
         Ring mail         ||     2
  Dodge: Dodged            ||    28

Table legend: (Time is in decaauts)
 A = Elapsed time spent in this place.
 B = Non-inter-level travel time spent in this place.
 C = Inter-level travel time spent in this place.
 D = Time resting spent in this place.
 E = Time spent auto-exploring this place.
 F = Levels seen in this place.
 G = Mean time per level.
                   A        B        C        D        E       F      G
               +--------+--------+--------+--------+--------+-----+--------+
         Total |   1099 |   1085 |     14 |      0 |    814 |   2 |  549.5 |
       Dungeon |   1099 |   1085 |     14 |      0 |    814 |   2 |  549.5 |
               +--------+--------+--------+--------+--------+-----+--------+

Top non-repeatable levels by time:
     D:1: 975 daAuts
     D:2: 124 daAuts
